 Dungeon Crawl Stone Soup version 0.27.1 (webtiles) character file.

Game seed: 9150135327472592727

76 Destapler the Chucker (level 4, 0/42 HPs)
             Began as a Troll Hunter on Aug 27, 2021.
             Was a Believer of Lugonu.
             Slain by a hobgoblin (5 damage)
             ... led by Robin
             ... on level 2 of the Dungeon.
             The game lasted 00:03:49 (1095 turns).

Destapler the Chucker (Troll Hunter)                Turns: 1095, Time: 00:03:50

Health: 0/42       AC:  5    Str: 20    XL:     4   Next: 12%
Magic:  3/3        EV: 10    Int:  7    God:    Lugonu [**....]
Gold:   20         SH:  0    Dex: 11    Spells: 3/3 levels left

rFire    . . .     SeeInvis .     - Unarmed
rCold    . . .     Faith    .   (no shield)
rNeg     . . .     Spirit   .   b - +0 robe
rPois    .         Reflect  .   (helmet restricted)
rElec    .         Harm     .   i - +0 cloak
rCorr    .         Rampage  .   (gloves unavailable)
Will     .....                  (boots unavailable)
Stlth    +.........             (no amulet)
HPRegen  1.14/turn              (no ring)
MPRegen  0.08/turn              (no ring)

@: no status effects
A: large, unfitting armour, claws 3, regeneration 1, shaggy fur 1, tough skin 1
a: Renounce Religion, Depart the Abyss, Bend Space


You were on level 2 of the Dungeon.
You worshipped Lugonu.
Lugonu was pleased with you.
You visited 1 branch of the dungeon, and saw 3 of its levels.

You collected 20 gold pieces.

Inventory:

Hand Weapons
 a - a +0 dagger of freezing
 l - a +0 dagger of protection
Missiles
 c - 5 large rocks (quivered)
 d - 2 throwing nets
Armour
 b - a +0 robe (worn)
 i - a +0 cloak (worn)
Scrolls
 e - 3 scrolls of identify {unknown}
 f - a scroll of amnesia {unknown}
 g - a scroll of magic mapping {unknown}
 j - a scroll of torment {unknown}
 k - a scroll of teleportation {unknown}


   Skills:
 + Level 2.1 Fighting
 + Level 3.9 Throwing
 * Level 2.5 Dodging
 - Level 0.3 Stealth
 + Level 1.4 Unarmed Combat


You had 3 spell levels left.
You didn't know any spells.
Your spell library contained the following spells:

 Spells                   Type           Power      Damage    Failure   Level
 Sting                    Tmut/Pois      0%         1d3       43%         1
 Summon Small Mammal      Summ           0%         N/A       43%         1
 Poisonous Vapours        Pois/Air       0%         N/A       56%         2
 Call Canine Familiar     Summ           0%         N/A       80%         3
 Summon Guardian Golem    Hex/Summ       0%         N/A       80%         3
 Olgreb's Toxic Radiance  Pois           0%         N/A       99%         4


Dungeon Overview and Level Annotations

Branches:
Dungeon (3/15)

Altars:
Lugonu

Shops:
D:1 (

Annotations:
D:3 Robin


Innate Abilities, Weirdness & Mutations

You are too large for most types of armour.
You have claws for hands.
Your natural rate of healing is unusually fast.
You are covered in fur. (AC +1)
You have tough skin. (AC +1)


Message History

Robin throws the goblin at you! The hobgoblin barely misses you.
The goblin hits you but does no damage. The goblin completely misses you.
You barely miss the hobgoblin. Robin throws the goblin at you!
The hobgoblin hits you but does no damage.
The goblin hits you with a +0 club. The goblin hits you with a +0 dagger.
You scratch the hobgoblin.
The hobgoblin is heavily wounded.
The goblin barely misses you.
Robin roars a battlecry!
The goblins go into a battle-frenzy!
The hobgoblin barely misses you. The goblin hits you with a +0 club.
The goblin hits you but does no damage. The goblin hits you with a +0 club.
The hobgoblin hits you. The goblin misses you.
The goblin hits you with a +0 dagger.
You climb upwards.
There is a stone staircase leading down here.
You closely miss the hobgoblin.
The hobgoblin is heavily wounded.
The goblin closely misses you. The hobgoblin hits you.
The goblin hits you with a +0 club. The goblin barely misses you.
You barely miss the hobgoblin.
The hobgoblin is heavily wounded.
The goblin hits you with a +0 club. The hobgoblin hits you.
The goblin hits you with a +0 club.
* * * LOW HITPOINT WARNING * * *
The goblin closely misses you.
You barely miss the hobgoblin.
The hobgoblin is moderately wounded.
The goblin hits you with a +0 club.
* * * LOW HITPOINT WARNING * * *
The hobgoblin hits you.
* * * LOW HITPOINT WARNING * * *
The goblin closely misses you. x2
It was a potion of curing.
You feel better. The goblin closely misses you.
The hobgoblin hits you but does no damage.
The goblin hits you with a +0 club.
* * * LOW HITPOINT WARNING * * *
The goblin closely misses you. The hobgoblin hits you.
You die...

############ #..........#
#..[..g)...# #.....g....#
#....gg@...# # ###..........#
#########
#####............#####........
####...........)..........#######
......####..........####### #.
...#### #..........# ##. ####
###..........# ##### #..
#...############...# ##.# #.###
#....## #...


You could see a hobgoblin (strong) and 3 goblins.

Vanquished Creatures
  An adder (D:2)
  A dart slug (D:2)
  6 endoplasms
  A giant cockroach (D:2)
  10 goblins
  4 hobgoblins
  6 quokkas
  6 ball pythons
  7 bats
  4 frilled lizards
  4 kobolds
  8 rats
58 creatures vanquished.

Notes
Turn   | Place    | Note
-------+----------+-------------------------------------------
     0 | D:1      | Destapler the Troll Hunter began the quest for the Orb.
     0 | D:1      | Reached XP level 1. HP: 19/19 MP: 0/0
    91 | D:1      | Reached XP level 2. HP: 28/28 MP: 1/1
   273 | D:1      | Found a faded altar of an unknown god.
   289 | D:1      | Noticed a golden eye
   289 | D:1      | Noticed an eye of devastation
   290 | D:1      | Noticed a shining eye
   290 | D:1      | Noticed a great orb of eyes
   300 | D:1      | Reached skill level 1 in Unarmed Combat
   301 | D:1      | Became a worshipper of Lugonu the Unformed
   301 | D:1      | Reached * piety under Lugonu
   301 | D:1      | Reached ** piety under Lugonu
   353 | D:1      | Reached XP level 3. HP: 35/35 MP: 2/2
   390 | D:1      | Found Ycetron's Antique Weapon Shop.
   853 | D:2      | Reached XP level 4. HP: 37/42 MP: 3/3
  1051 | D:3      | Noticed Robin
  1093 | D:2      | HP: 2/42 [hobgoblin[Robin] (5)]
  1095 | D:2      | Slain by a hobgoblin

Illustrated notes

Levels and vault maps discovered:
D:1:      dpeg_arrival_rooms_b, layout_rooms, serial_shops, shop,
          hellmonk_ecumenical_altar_watching_god, minmay_pentomino_q4
D:2:      layout_rooms
D:3:      layout_loops_ring, tgw_xom, uniq_robin, uniq_jessica, uniq_grinder

Skill      XL: |  1  2  3 |
---------------+----------+-----
Dodging        | 2 |  2.5
Unarmed Combat | 1 |  1.4
Fighting       | 2 |  2.1
Throwing       | |  3.9
Stealth        | |  0.3

Action                   |  1- 3 |  4- 6 || total
-------------------------+-------+-------++-------
Melee: Short sword       |   114 |       ||   114
       Unarmed           |    42 |    30 ||    72
  Use: Potion            |       |     1 ||     1
 Stab: Sleeping          |     1 |     1 ||     2
Armor: Robe              |    75 |    25 ||   100
Dodge: Dodged            |    94 |    40 ||   134
